Wolves vs Wolfpack

Created - January 20, 2023 at 21:11

Goals
1 2 3 T
Wolves 1 1 1 3
Wolfpack 0 1 0 1
Shots
1 2 3 T
Wolves 12 11 7 30
Wolfpack 8 14 12 34

1st period

1. Wolves , Thomas Spelling 12 (Jalen Chatfield 8, Eric Robinson 9) at 16:18

Penalties :
Jonas Brodin (Har) for Interference (Minor) at 6:27, Fredrik Olofsson (Chi) for Charging (Minor) at 19:53

2nd period

2. Wolfpack , Alexander Barabanov 9 (Dryden Hunt 16, Joshua Jacobs 2) at 9:04
3. Wolves , Thomas Spelling 13 (Cedric Paquette 21, Matthew Kiersted 3) at 19:57

Penalties :
Dryden Hunt (Har) for Hooking (Minor) at 15:43, Sebastian Collberg (Har) for Roughing (Minor) at 19:58

3rd period

4. Wolves , Jalen Chatfield 1 (Frederick Gaudreau 19) at 6:14

Penalties :
No Penalty

Goalie Stats

Ebbe Siönäs (Chi), 33 saves from 34 shots - (0.971), W, 11-10-3, 60:00 minutes
Ivan Fedotov (Har), 27 saves from 30 shots - (0.900), L, 10-4-7, 60:00 minutes

Players Stats for Wolves

Player Name              G  A  P  +/- PIM S  H  SB GA TA FO     MP     PP MP  PK MP  
------------------------------------------------------------------------------------
Alexandre Grenier        0  0  0   0  0   4  2  0  0  1  2/5    22:40   2:38   1:05 
Anton Lindholm           0  0  0   2  0   2  2  1  0  0  0/0    24:01   3:44   0:57 
Antti Suomela            0  0  0   0  0   3  2  0  0  0  4/10   11:42   0:06   0:37 
Cedric Paquette          0  1  1   2  0   2  3  0  1  0  9/16   17:24   2:47   0:25 
Corey Shueneman          0  0  0   0  0   0  0  0  0  0  0/0    18:14   2:13   1:02 
Dylan Coghlan            0  0  0   0  0   0  2  0  0  1  0/0    11:23   0:00   0:00 
Eric Robinson            0  1  1   2  0   2  3  0  0  2  0/0    17:22   2:49   0:11 
Frederick Gaudreau       0  1  1   0  0   7  1  0  2  0  10/26  22:59   2:38   1:11 
Fredrik Olofsson         0  0  0   0  2   0  6  0  0  0  0/0    11:01   0:05   0:00 
Hayden Hodgson           0  0  0   0  0   1  2  0  0  1  0/0    21:26   2:33   0:00 
Jack Ahcan               0  0  0   0  0   0  0  0  0  0  0/0     0:00   0:00   0:00 
Jake Evans               0  0  0   0  0   1  2  1  2  0  0/1     7:25   0:00   0:00 
Jakub Zboril             0  0  0   0  0   0  1  0  0  0  0/0    18:14   2:13   1:02 
Jalen Chatfield          1  1  2   2  0   1  1  1  1  0  0/0    24:01   3:44   0:57 
Jonah Gadjovich          0  0  0   0  0   1  0  0  0  0  0/0     7:25   0:00   0:00 
Kyle Capobianco          0  0  0   0  0   0  0  0  0  0  0/0     6:22   0:00   0:00 
Liam O'Brien             0  0  0   0  0   0  0  0  0  0  0/0     1:03   0:30   0:00 
Maksim Sushko            0  0  0   0  0   1  0  0  0  0  0/0     7:25   0:00   0:00 
Matthew Kiersted         0  1  1   0  0   0  0  0  0  0  0/0     6:22   0:00   0:00 
Parker Kelly             0  0  0   0  0   0  1  0  0  0  0/0     0:48   0:00   0:29 
Samuel Girard            0  0  0   0  0   0  1  0  0  3  0/0    11:23   0:00   0:00 
Sasha Chmelevski         0  0  0   0  0   0  0  0  0  0  0/0     1:00   0:29   0:00 
Stelio Mattheos          0  0  0   0  0   0  0  0  0  0  0/0     0:00   0:00   0:00 
Thomas Spelling          2  0  2   2  0   5  0  0  0  1  0/1    17:01   2:47   0:00 
Wade Allison             0  0  0   0  0   0  0  0  0  0  0/0    11:19   0:29   0:00 

Players Stats for Wolfpack

Player Name              G  A  P  +/- PIM S  H  SB GA TA FO     MP     PP MP  PK MP  
------------------------------------------------------------------------------------
Alex Barre-Boulet        0  0  0  -2  0   0  0  0  0  1  2/6    12:10   0:00   0:00 
Alexander Barabanov      1  0  1   1  0   3  0  0  0  0  0/0     9:16   0:03   0:16 
Andrew Peeke             0  0  0  -1  0   0  1  1  0  1  0/0    12:52   0:00   0:00 
Cale Fleury              0  0  0  -1  0   0  0  0  0  1  0/0    13:45   0:00   0:53 
Casey Mittelstadt        0  0  0  -1  0   0  2  0  1  0  15/29  21:19   1:06   2:24 
Colton White             0  0  0   1  0   2  0  0  0  1  0/0    19:50   0:49   2:10 
Connor Chatam            0  0  0  -2  0   2  6  0  1  1  0/0    12:44   0:00   0:00 
David Pope               0  0  0  -1  0   2  2  0  3  0  2/2    21:16   1:06   2:29 
Dryden Hunt              0  1  1  -2  2   6  2  1  1  0  0/1    14:08   0:06   1:16 
Jake Marchment           0  0  0   1  0   1  0  0  0  0  3/5     8:40   0:00   0:17 
Jonas Brodin             0  0  0  -2  2   4  3  4  0  1  0/0    25:57   1:10   2:27 
Joshua Jacobs            0  1  1   1  0   1  3  2  0  0  0/0    20:17   0:49   2:37 
Linus Sandin             0  0  0   1  0   0  2  0  0  0  0/0     8:16   0:00   0:00 
Nolan Patrick            0  0  0   0  0   3  0  0  0  0  11/14  16:50   0:50   2:34 
Owen Tippet              0  0  0   0  0   0  1  0  0  0  0/0    13:59   0:50   0:00 
Samuel Blais             0  0  0   0  0   4  3  0  3  0  0/1    16:37   0:50   2:38 
Sebastian Collberg       0  0  0  -1  2   3  1  1  0  0  1/1    18:46   1:06   0:00 
Steven Santini           0  0  0  -2  0   3  0  2  0  0  0/0    27:18   1:10   3:47 

3 Stars

1 - Thomas Spelling (Chi)
2 - Ebbe Siönäs (Chi)
3 - Jalen Chatfield (Chi)

Power Play

Wolves - 0 on 3 Attempt(s) - 0.00%
Wolfpack - 0 on 1 Attempt(s) - 0.00%

Penalty Kill

Wolves - 1 on 1 Attempt(s) - 100.00% - Score 0 goal in Penalty Kill
Wolfpack - 3 on 3 Attempt(s) - 100.00% - Score 0 goal in Penalty Kill

Team Stat

Wolves - Hits : 29 - Faceoff Wins : 25 - Blocked Shots : 3 - Penalty Minutes : 2
Wolfpack - Hits : 26 - Faceoff Wins : 34 - Blocked Shots : 11 - Penalty Minutes : 6

Official

Referees : Tom Chmielewski and Ghislain Hebert
Linesman : Scott Cherrey and Travis Toomey

Game Notes

No Game Note

Finance

Level 1 -- Attendance: 1759 (87.95%) -- Ticket Income $61,565
Level 2 -- Attendance: 992 (99.20%) -- Ticket Income $14,880
Total Attendance: 2751 (91.70%)
Total Ticket Income: $76,445
Other Income: $3,822
Total Income: $80,267

Wolves

5 vs 5 Forward 
   Center                   Left Wing                Right Wing               Time % Phy DF OF 
 1 Frederick Gaudreau       Hayden Hodgson           Alexandre Grenier        40     1   2  2  
 2 Cedric Paquette          Eric Robinson            Thomas Spelling          30     1   2  2  
 3 Antti Suomela            Fredrik Olofsson         Wade Allison             20     1   2  2  
 4 Jake Evans               Jonah Gadjovich          Maksim Sushko            10     1   2  2  

5 vs 5 Defense 
   Defense                  Defense                                           Time % Phy DF OF 
 1 Anton Lindholm           Jalen Chatfield                                   40     1   2  2  
 2 Corey Shueneman          Jakub Zboril                                      30     1   2  2  
 3 Samuel Girard            Dylan Coghlan                                     20     1   2  2  
 4 Matthew Kiersted         Kyle Capobianco                                   10     1   2  2  

PowerPlay Forward 
   Center                   Left Wing                Right Wing               Time % Phy DF OF 
 1 Frederick Gaudreau       Hayden Hodgson           Alexandre Grenier        60     1   2  2  
 2 Cedric Paquette          Eric Robinson            Thomas Spelling          40     1   2  2  

PowerPlay Defense
   Defense                  Defense                                           Time % Phy DF OF 
 1 Anton Lindholm           Jalen Chatfield                                   60     1   2  2  
 2 Corey Shueneman          Jakub Zboril                                      40     1   2  2  

Penalty Kill 4 Players Forward 
   Center                   Wing                     Time % Phy DF OF 
 1 Alexandre Grenier        Frederick Gaudreau       60     1   2  2  
 2 Cedric Paquette          Antti Suomela            40     1   2  2  

Penalty Kill 4 Players Defense
   Defense                  Defense                  Time % Phy DF OF 
 1 Anton Lindholm           Jalen Chatfield          60     1   2  2  
 2 Corey Shueneman          Jakub Zboril             40     1   2  2  

Penalty Kill - 3 Players Forward 
   Forward                                           Time % Phy DF OF 
 1 Alexandre Grenier                                 60     1   2  2  
 2 Frederick Gaudreau                                40     1   2  2  

Penalty Kill - 3 Players Defense
   Defense                  Defense                  Time % Phy DF OF 
 1 Anton Lindholm           Jalen Chatfield          60     1   2  2  
 2 Corey Shueneman          Jakub Zboril             40     1   2  2  

4 vs 4 Forward 
   Center                   Wing                     Time % Phy DF OF 
 1 Alexandre Grenier        Frederick Gaudreau       60     1   2  2  
 2 Cedric Paquette          Antti Suomela            40     1   2  2  

4 vs 4 Defense
   Defense                  Defense                  Time % Phy DF OF 
 1 Anton Lindholm           Jalen Chatfield          60     1   2  2  
 2 Corey Shueneman          Jakub Zboril             40     1   2  2  

Last Minutes Offensive
   Center                   Left Wing                Right Wing               Defense                  Defense                  
   Frederick Gaudreau       Hayden Hodgson           Alexandre Grenier        Anton Lindholm           Jalen Chatfield          

Last Minutes Defensive
   Center                   Left Wing                Right Wing               Defense                  Defense                  
   Frederick Gaudreau       Hayden Hodgson           Alexandre Grenier        Anton Lindholm           Jalen Chatfield          

Goaltenders
Starting : Ebbe Siönäs              
Backup : Ukko-Pekka Luukkonen     

Extra Forwards
Normal : Liam O'Brien, Sasha Chmelevski, Parker Kelly - PP : Liam O'Brien, Sasha Chmelevski - PK : Parker Kelly
Extra Defensemen
Normal : Jack Ahcan, Samuel Girard, Dylan Coghlan - PP : Jack Ahcan - PK : Samuel Girard, Dylan Coghlan
Penalty Shots
Alexandre Grenier, Frederick Gaudreau, Cedric Paquette, Antti Suomela, Thomas Spelling

Scratches
Kyle Rau (Suspend), Joona Koppanen (Healthy)

Wolfpack

5 vs 5 Forward 
   Center                   Left Wing                Right Wing               Time % Phy DF OF 
 1 Casey Mittelstadt        David Pope               Sebastian Collberg       40     1   2  2  
 2 Nolan Patrick            Samuel Blais             Owen Tippet              30     1   2  2  
 3 Alex Barre-Boulet        Dryden Hunt              Connor Chatam            20     1   2  2  
 4 Jake Marchment           Alexander Barabanov      Linus Sandin             10     1   2  2  

5 vs 5 Defense 
   Defense                  Defense                                           Time % Phy DF OF 
 1 Jonas Brodin             Steven Santini                                    40     1   2  2  
 2 Colton White             Joshua Jacobs                                     30     1   2  2  
 3 Cale Fleury              Andrew Peeke                                      20     1   2  2  
 4 Jonas Brodin             Steven Santini                                    10     1   2  2  

PowerPlay Forward 
   Center                   Left Wing                Right Wing               Time % Phy DF OF 
 1 Casey Mittelstadt        David Pope               Sebastian Collberg       60     1   2  2  
 2 Nolan Patrick            Samuel Blais             Owen Tippet              40     1   2  2  

PowerPlay Defense
   Defense                  Defense                                           Time % Phy DF OF 
 1 Jonas Brodin             Steven Santini                                    60     1   2  2  
 2 Colton White             Joshua Jacobs                                     40     1   2  2  

Penalty Kill 4 Players Forward 
   Center                   Wing                     Time % Phy DF OF 
 1 Casey Mittelstadt        David Pope               60     1   2  2  
 2 Nolan Patrick            Samuel Blais             40     1   2  2  

Penalty Kill 4 Players Defense
   Defense                  Defense                  Time % Phy DF OF 
 1 Jonas Brodin             Steven Santini           60     1   2  2  
 2 Colton White             Joshua Jacobs            40     1   2  2  

Penalty Kill - 3 Players Forward 
   Forward                                           Time % Phy DF OF 
 1 Casey Mittelstadt                                 60     1   2  2  
 2 Nolan Patrick                                     40     1   2  2  

Penalty Kill - 3 Players Defense
   Defense                  Defense                  Time % Phy DF OF 
 1 Jonas Brodin             Steven Santini           60     1   2  2  
 2 Colton White             Joshua Jacobs            40     1   2  2  

4 vs 4 Forward 
   Center                   Wing                     Time % Phy DF OF 
 1 Casey Mittelstadt        David Pope               60     1   2  2  
 2 Nolan Patrick            Samuel Blais             40     1   2  2  

4 vs 4 Defense
   Defense                  Defense                  Time % Phy DF OF 
 1 Jonas Brodin             Steven Santini           60     1   2  2  
 2 Colton White             Joshua Jacobs            40     1   2  2  

Last Minutes Offensive
   Center                   Left Wing                Right Wing               Defense                  Defense                  
   Casey Mittelstadt        David Pope               Sebastian Collberg       Jonas Brodin             Steven Santini           

Last Minutes Defensive
   Center                   Left Wing                Right Wing               Defense                  Defense                  
   Casey Mittelstadt        David Pope               Sebastian Collberg       Jonas Brodin             Steven Santini           

Goaltenders
Starting : Ivan Fedotov             
Backup : Mike Condon              

Extra Forwards
Normal : Dryden Hunt, Alexander Barabanov, Casey Mittelstadt - PP : Dryden Hunt, Alexander Barabanov - PK : Dryden Hunt
Extra Defensemen
Normal : Joshua Jacobs, Cale Fleury, Andrew Peeke - PP : Joshua Jacobs - PK : Joshua Jacobs, Cale Fleury
Penalty Shots
David Pope, Samuel Blais, Sebastian Collberg, Connor Chatam, Dryden Hunt

Scratches
Brett Ponich (Bruised Left Leg Injury), Ryan Poehling (Healthy), Mason Shaw (Healthy), Jacob Middleton (Healthy), Joel Kiviranta (Healthy)
Dylan Samberg (Healthy), Mikhail Vorobyev (Healthy), Ryan Culkin (Sports Hernia Injury), Will Borgen (Healthy), Dante Fabbro (Healthy)
Jeffrey Viel (Healthy), Yegor Korshkov (Healthy), Alexander Volkov (Healthy), Harru Sateri (Healthy), Jake Paterson (Healthy)

% Time on Ice - Wolves

Lines # - Real PCT - Wanted PCT - Time Play
Normal Forward
1 - 38% - 40% - 19:37
2 - 27% - 30% - 14:12
3 - 21% - 20% - 10:50
4 - 14% - 10% - 7:25
Normal Defense
1 - 37% - 40% - 19:20
2 - 29% - 30% - 14:59
3 - 22% - 20% - 11:23
4 - 12% - 10% - 6:22
PP Forward
1 - 53% - 60% - 3:10
2 - 47% - 40% - 2:47
PP Defense
1 - 63% - 60% - 3:44
2 - 37% - 40% - 2:13
PK Forward
1 - 79% - 60% - 1:34
2 - 21% - 40% - 0:25
PK Defense
1 - 48% - 60% - 0:57
2 - 52% - 40% - 1:02
PK3 Forward
1 - 0% - 60%
2 - 0% - 40%
PK3 Defense
1 - 0% - 60%
2 - 0% - 40%
44 Forward
1 - 0% - 60%
2 - 0% - 40%
44 Defense
1 - 0% - 60%
2 - 0% - 40%
Last Minute Offensive  - 0:00
Last Minute Defensive  - 0:00
Total
Forward - 60:00
Defense - 60:00

% Time on Ice - Wolfpack

Lines # - Real PCT - Wanted PCT - Time Play
Normal Forward
1 - 35% - 40% - 18:19
2 - 26% - 30% - 13:19
3 - 23% - 20% - 12:10
4 - 16% - 10% - 8:16
Normal Defense
1 - 39% - 40% - 20:25
2 - 32% - 30% - 16:51
3 - 25% - 20% - 12:52
4 - 4% - 10% - 1:56
PP Forward
1 - 58% - 60% - 1:09
2 - 42% - 40% - 0:50
PP Defense
1 - 59% - 60% - 1:10
2 - 41% - 40% - 0:49
PK Forward
1 - 77% - 60% - 4:36
2 - 23% - 40% - 1:21
PK Defense
1 - 65% - 60% - 3:53
2 - 35% - 40% - 2:04
PK3 Forward
1 - 0% - 60%
2 - 0% - 40%
PK3 Defense
1 - 0% - 60%
2 - 0% - 40%
44 Forward
1 - 0% - 60%
2 - 0% - 40%
44 Defense
1 - 0% - 60%
2 - 0% - 40%
Last Minute Offensive  - 0:00
Last Minute Defensive  - 0:00
Total
Forward - 60:00
Defense - 60:00

Play-by-Play

1st period


0:01 of 1st period - Frederick Gaudreau wins face-off versus Casey Mittelstadt in neutral zone.
0:27 of 1st period - Anton Lindholm is hit by Jonas Brodin and loses puck.
0:34 of 1st period - Jonas Brodin is hit by Jalen Chatfield and loses puck.
0:45 of 1st period - Cedric Paquette is hit by Connor Chatam and loses puck.
0:52 of 1st period - Steven Santini is hit by Cedric Paquette and loses puck.
1:19 of 1st period - Snap shot by Eric Robinson.
1:19 of 1st period - Shot Blocked by Jonas Brodin.
1:21 of 1st period - Snap shot by Anton Lindholm.
1:21 of 1st period - Stopped by Ivan Fedotov without a rebound.
1:22 of 1st period - Nolan Patrick wins face-off versus Antti Suomela in Wolfpack zone.
1:33 of 1st period - Snap shot by Nolan Patrick.
1:33 of 1st period - Stopped by Ebbe Siönäs with a rebound.
1:54 of 1st period - Wrist shot by David Pope.
1:54 of 1st period - Stopped by Ebbe Siönäs with a rebound.
2:10 of 1st period - Jake Marchment is hit by Jakub Zboril and loses puck.
3:03 of 1st period - Matthew Kiersted is hit by Linus Sandin and loses puck.
3:24 of 1st period - Snap shot by Wade Allison.
3:24 of 1st period - Deflect By Antti Suomela.
3:24 of 1st period - Stopped by Ivan Fedotov with a rebound.
3:37 of 1st period - Off-side.
3:38 of 1st period - Nolan Patrick wins face-off versus Cedric Paquette in neutral zone.
3:47 of 1st period - Samuel Blais is hit by Cedric Paquette and loses puck.
3:58 of 1st period - Wrist shot by Eric Robinson.
3:58 of 1st period - Shot Misses the Net.
4:00 of 1st period - Slapshot by Dylan Coghlan.
4:00 of 1st period - Deflect By Cedric Paquette.
4:00 of 1st period - Shot Misses the Net.
4:00 of 1st period - Puck is out of play.
4:01 of 1st period - Frederick Gaudreau wins face-off versus Casey Mittelstadt in Wolfpack zone.
4:18 of 1st period - Casey Mittelstadt is hit by Alexandre Grenier and loses puck.
4:25 of 1st period - Corey Shueneman is hit by Jonas Brodin and loses puck.
5:24 of 1st period - Wrist shot by Frederick Gaudreau.
5:24 of 1st period - Deflect By Sebastian Collberg.
5:24 of 1st period - Stopped by Ivan Fedotov with a rebound.
5:58 of 1st period - Wrist shot by Frederick Gaudreau.
5:58 of 1st period - Deflect By David Pope.
5:58 of 1st period - Stopped by Ivan Fedotov without a rebound.
5:59 of 1st period - Nolan Patrick wins face-off versus Antti Suomela in Wolfpack zone.
6:04 of 1st period - Wrist shot by Samuel Blais.
6:04 of 1st period - Deflect By Nolan Patrick.
6:04 of 1st period - Shot Misses the Net.
6:04 of 1st period - Puck is out of play.
6:05 of 1st period - Nolan Patrick wins face-off versus Antti Suomela in Wolves zone.
6:27 of 1st period - Minor Penalty to Jonas Brodin for Interference.
6:28 of 1st period - Cedric Paquette wins face-off versus Nolan Patrick in Wolfpack zone.
6:53 of 1st period - Anton Lindholm is hit by Samuel Blais and loses puck.
8:27 of 1st period - Penalty to Jonas Brodin is over, Jonas Brodin is back on ice.
8:32 of 1st period - Corey Shueneman is hit by Andrew Peeke and loses puck.
8:41 of 1st period - Wrist shot by Jake Evans.
8:41 of 1st period - Shot Misses the Net.
8:43 of 1st period - Wrist shot by Jonah Gadjovich.
8:43 of 1st period - Stopped by Ivan Fedotov with a rebound.
8:57 of 1st period - Antti Suomela is hit by Connor Chatam and loses puck.
9:26 of 1st period - Antti Suomela is hit by Owen Tippet and loses puck.
10:00 of 1st period - Icing by Thomas Spelling.
10:01 of 1st period - Cedric Paquette wins face-off versus Jake Marchment in Wolves zone.
10:10 of 1st period - Steven Santini is hit by Cedric Paquette and loses puck.
10:39 of 1st period - Snap shot by Frederick Gaudreau.
10:39 of 1st period - Deflect By Alexandre Grenier.
10:39 of 1st period - Stopped by Ivan Fedotov with a rebound.
10:59 of 1st period - Snap shot by Antti Suomela.
10:59 of 1st period - Shot Misses the Net.
11:13 of 1st period - Slapshot by Jonas Brodin.
11:13 of 1st period - Shot Blocked by Jake Evans.
11:35 of 1st period - Slapshot by Thomas Spelling.
11:35 of 1st period - Shot Blocked by Jonas Brodin.
11:37 of 1st period - Wrist shot by Cedric Paquette.
11:37 of 1st period - Stopped by Ivan Fedotov without a rebound.
11:38 of 1st period - Casey Mittelstadt wins face-off versus Frederick Gaudreau in Wolfpack zone.
11:40 of 1st period - Icing by David Pope.
11:41 of 1st period - Frederick Gaudreau wins face-off versus Casey Mittelstadt in Wolfpack zone.
12:28 of 1st period - Slapshot by Eric Robinson.
12:28 of 1st period - Shot Blocked by Dryden Hunt.
13:30 of 1st period - Jalen Chatfield is hit by Casey Mittelstadt and loses puck.
13:51 of 1st period - Dylan Coghlan is hit by Dryden Hunt and loses puck.
14:00 of 1st period - Snap shot by Connor Chatam.
14:00 of 1st period - Shot Misses the Net.
14:02 of 1st period - Slapshot by Dryden Hunt.
14:02 of 1st period - Shot Misses the Net.
15:02 of 1st period - Snap shot by Thomas Spelling.
15:02 of 1st period - Shot Blocked by Jonas Brodin.
15:39 of 1st period - Wrist shot by Maksim Sushko.
15:39 of 1st period - Shot Misses the Net.
16:16 of 1st period - Snap shot by Thomas Spelling.
16:16 of 1st period - Stopped by Ivan Fedotov with a rebound.
16:18 of 1st period - Slapshot by Jalen Chatfield.
16:18 of 1st period - Deflect By Thomas Spelling.
16:18 of 1st period - Goal by Thomas Spelling - Wolves : 1 - Wolfpack : 0.
16:19 of 1st period - Casey Mittelstadt wins face-off versus Frederick Gaudreau in neutral zone.
16:37 of 1st period - Joshua Jacobs is hit by Anton Lindholm and loses puck.
16:48 of 1st period - Cedric Paquette is hit by Samuel Blais and loses puck.
16:57 of 1st period - Wrist shot by Samuel Blais.
16:57 of 1st period - Stopped by Ebbe Siönäs without a rebound.
16:58 of 1st period - Nolan Patrick wins face-off versus Antti Suomela in Wolves zone.
17:03 of 1st period - Backhand shot by Samuel Blais.
17:03 of 1st period - Stopped by Ebbe Siönäs without a rebound.
17:04 of 1st period - Nolan Patrick wins face-off versus Antti Suomela in Wolves zone.
17:05 of 1st period - Snap shot by Samuel Blais.
17:05 of 1st period - Stopped by Ebbe Siönäs without a rebound.
17:06 of 1st period - Antti Suomela wins face-off versus Samuel Blais in Wolves zone.
17:13 of 1st period - Cale Fleury is hit by Fredrik Olofsson and loses puck.
17:35 of 1st period - Slapshot by Frederick Gaudreau.
17:35 of 1st period - Stopped by Ivan Fedotov with a rebound.
17:45 of 1st period - Snap shot by Frederick Gaudreau.
17:45 of 1st period - Shot Blocked by Andrew Peeke.
18:24 of 1st period - Wrist shot by Alexander Barabanov.
18:24 of 1st period - Stopped by Ebbe Siönäs without a rebound.
18:25 of 1st period - Frederick Gaudreau wins face-off versus Jake Marchment in Wolves zone.
18:34 of 1st period - Snap shot by Frederick Gaudreau.
18:34 of 1st period - Stopped by Ivan Fedotov without a rebound.
18:35 of 1st period - Casey Mittelstadt wins face-off versus Frederick Gaudreau in Wolfpack zone.
18:46 of 1st period - Backhand shot by Frederick Gaudreau.
18:46 of 1st period - Stopped by Ivan Fedotov with a rebound.
18:49 of 1st period - Icing by Steven Santini.
18:50 of 1st period - Casey Mittelstadt wins face-off versus Cedric Paquette in Wolfpack zone.
18:59 of 1st period - Wrist shot by David Pope.
18:59 of 1st period - Shot Misses the Net.
19:01 of 1st period - Snap shot by Sebastian Collberg.
19:01 of 1st period - Stopped by Ebbe Siönäs with a rebound.
19:07 of 1st period - Slapshot by Jonas Brodin.
19:07 of 1st period - Stopped by Ebbe Siönäs without a rebound.
19:08 of 1st period - Nolan Patrick wins face-off versus Frederick Gaudreau in Wolves zone.
19:34 of 1st period - Colton White is hit by Fredrik Olofsson and loses puck.
19:53 of 1st period - Minor Penalty to Fredrik Olofsson for Charging.
19:54 of 1st period - Alexandre Grenier wins face-off versus Casey Mittelstadt in Wolves zone.
Goals for this period are 1 for Wolves vs 0 for Wolfpack.
Shots for this period are 12 for Wolves vs 8 for Wolfpack.

2nd period


0:01 of 2nd period - Casey Mittelstadt wins face-off versus Alexandre Grenier in neutral zone.
0:04 of 2nd period - Anton Lindholm is hit by David Pope.
0:32 of 2nd period - Snap shot by Samuel Blais.
0:32 of 2nd period - Shot Misses the Net.
1:53 of 2nd period - Penalty to Fredrik Olofsson is over, Fredrik Olofsson is back on ice.
2:37 of 2nd period - Off-side.
2:38 of 2nd period - Alex Barre-Boulet wins face-off versus Antti Suomela in neutral zone.
2:43 of 2nd period - Slapshot by Colton White.
2:43 of 2nd period - Stopped by Ebbe Siönäs without a rebound.
2:44 of 2nd period - Antti Suomela wins face-off versus Alex Barre-Boulet in Wolves zone.
2:44 of 2nd period - Antti Suomela is hit by Jonas Brodin.
2:50 of 2nd period - Connor Chatam is hit by Fredrik Olofsson and loses puck.
3:23 of 2nd period - Wade Allison is hit by Joshua Jacobs and loses puck.
3:30 of 2nd period - Antti Suomela is hit by Connor Chatam.
3:54 of 2nd period - Snap shot by Connor Chatam.
3:54 of 2nd period - Shot Misses the Net.
3:56 of 2nd period - Snap shot by Connor Chatam.
3:56 of 2nd period - Stopped by Ebbe Siönäs without a rebound.
3:57 of 2nd period - Casey Mittelstadt wins face-off versus Frederick Gaudreau in Wolves zone.
4:48 of 2nd period - Steven Santini is hit by Dylan Coghlan and loses puck.
5:05 of 2nd period - Snap shot by Alexandre Grenier.
5:05 of 2nd period - Deflect By Hayden Hodgson.
5:05 of 2nd period - Shot Misses the Net.
5:05 of 2nd period - Puck is out of play.
5:06 of 2nd period - Casey Mittelstadt wins face-off versus Cedric Paquette in Wolfpack zone.
5:19 of 2nd period - Slapshot by Eric Robinson.
5:19 of 2nd period - Stopped by Ivan Fedotov without a rebound.
5:20 of 2nd period - Nolan Patrick wins face-off versus Frederick Gaudreau in Wolfpack zone.
5:25 of 2nd period - Snap shot by Nolan Patrick.
5:25 of 2nd period - Stopped by Ebbe Siönäs with a rebound.
5:27 of 2nd period - Snap shot by Samuel Blais.
5:27 of 2nd period - Stopped by Ebbe Siönäs without a rebound.
5:28 of 2nd period - Nolan Patrick wins face-off versus Frederick Gaudreau in Wolves zone.
5:53 of 2nd period - Wrist shot by Dryden Hunt.
5:53 of 2nd period - Shot Misses the Net.
5:58 of 2nd period - Off-side.
5:59 of 2nd period - Cedric Paquette wins face-off versus Alex Barre-Boulet in neutral zone.
5:59 of 2nd period - Thomas Spelling is hit by Connor Chatam and loses puck.
6:12 of 2nd period - Wrist shot by Steven Santini.
6:12 of 2nd period - Deflect By Corey Shueneman.
6:12 of 2nd period - Stopped by Ebbe Siönäs without a rebound.
6:13 of 2nd period - Frederick Gaudreau wins face-off versus Casey Mittelstadt in Wolves zone.
6:22 of 2nd period - Snap shot by Alexandre Grenier.
6:22 of 2nd period - Shot Misses the Net.
6:24 of 2nd period - Slapshot by Anton Lindholm.
6:24 of 2nd period - Stopped by Ivan Fedotov with a rebound.
6:26 of 2nd period - Snap shot by Alexandre Grenier.
6:26 of 2nd period - Stopped by Ivan Fedotov with a rebound.
6:28 of 2nd period - Snap shot by Hayden Hodgson.
6:28 of 2nd period - Stopped by Ivan Fedotov with a rebound.
6:30 of 2nd period - Wrist shot by Alexandre Grenier.
6:30 of 2nd period - Stopped by Ivan Fedotov with a rebound.
6:40 of 2nd period - Steven Santini is hit by Antti Suomela and loses puck.
7:26 of 2nd period - Snap shot by Jake Evans.
7:26 of 2nd period - Deflect By Maksim Sushko.
7:26 of 2nd period - Stopped by Ivan Fedotov with a rebound.
7:28 of 2nd period - Snap shot by Dylan Coghlan.
7:28 of 2nd period - Shot Misses the Net.
7:30 of 2nd period - Slapshot by Jake Evans.
7:30 of 2nd period - Shot Misses the Net.
7:40 of 2nd period - Slapshot by Jonas Brodin.
7:40 of 2nd period - Stopped by Ebbe Siönäs with a rebound.
7:46 of 2nd period - Wrist shot by Frederick Gaudreau.
7:46 of 2nd period - Stopped by Ivan Fedotov with a rebound.
8:23 of 2nd period - Colton White is hit by Eric Robinson and loses puck.
8:49 of 2nd period - Connor Chatam is hit by Jake Evans and loses puck.
9:04 of 2nd period - Wrist shot by Alexander Barabanov.
9:04 of 2nd period - Goal by Alexander Barabanov - Wolves : 1 - Wolfpack : 1.
9:05 of 2nd period - Frederick Gaudreau wins face-off versus Casey Mittelstadt in neutral zone.
9:09 of 2nd period - Off-side.
9:10 of 2nd period - Alexandre Grenier wins face-off versus Casey Mittelstadt in neutral zone.
9:13 of 2nd period - Sebastian Collberg is hit by Alexandre Grenier and loses puck.
10:29 of 2nd period - Snap shot by Dryden Hunt.
10:29 of 2nd period - Shot Blocked by Jalen Chatfield.
10:31 of 2nd period - Slapshot by Dryden Hunt.
10:31 of 2nd period - Stopped by Ebbe Siönäs with a rebound.
10:43 of 2nd period - Slapshot by Jalen Chatfield.
10:43 of 2nd period - Shot Misses the Net.
10:58 of 2nd period - Owen Tippet is hit by Eric Robinson and loses puck.
11:51 of 2nd period - Snap shot by Dryden Hunt.
11:51 of 2nd period - Stopped by Ebbe Siönäs with a rebound.
11:53 of 2nd period - Snap shot by Alex Barre-Boulet.
11:53 of 2nd period - Deflect By Connor Chatam.
11:53 of 2nd period - Shot Misses the Net.
11:53 of 2nd period - Puck is out of play.
11:54 of 2nd period - Cedric Paquette wins face-off versus Casey Mittelstadt in Wolves zone.
12:19 of 2nd period - Alexandre Grenier is hit by Joshua Jacobs and loses puck.
12:41 of 2nd period - Connor Chatam is hit by Jake Evans and loses puck.
12:50 of 2nd period - Wrist shot by Jake Evans.
12:50 of 2nd period - Shot Blocked by Steven Santini.
14:31 of 2nd period - Linus Sandin is hit by Antti Suomela.
14:45 of 2nd period - Alexandre Grenier is hit by David Pope and loses puck.
15:32 of 2nd period - Snap shot by Dryden Hunt.
15:32 of 2nd period - Stopped by Ebbe Siönäs without a rebound.
15:33 of 2nd period - Alex Barre-Boulet wins face-off versus Alexandre Grenier in Wolves zone.
15:38 of 2nd period - Snap shot by Dryden Hunt.
15:38 of 2nd period - Stopped by Ebbe Siönäs with a rebound.
15:43 of 2nd period - Minor Penalty to Dryden Hunt for Hooking.
15:44 of 2nd period - Frederick Gaudreau wins face-off versus Casey Mittelstadt in Wolfpack zone.
15:44 of 2nd period - Snap shot by Alexandre Grenier.
15:44 of 2nd period - Shot Misses the Net.
15:46 of 2nd period - Snap shot by Hayden Hodgson.
15:46 of 2nd period - Shot Blocked by Jonas Brodin.
16:16 of 2nd period - Wrist shot by Thomas Spelling.
16:16 of 2nd period - Deflect By Cedric Paquette.
16:16 of 2nd period - Shot Misses the Net.
16:16 of 2nd period - Puck is out of play.
16:17 of 2nd period - David Pope wins face-off versus Frederick Gaudreau in Wolfpack zone.
16:17 of 2nd period - David Pope is hit by Hayden Hodgson.
16:29 of 2nd period - Snap shot by Alexandre Grenier.
16:29 of 2nd period - Shot Blocked by Joshua Jacobs.
17:38 of 2nd period - Samuel Blais is hit by Anton Lindholm.
17:43 of 2nd period - Penalty to Dryden Hunt is over, Dryden Hunt is back on ice.
17:48 of 2nd period - Alex Barre-Boulet is hit by Fredrik Olofsson and loses puck.
18:09 of 2nd period - Slapshot by Colton White.
18:09 of 2nd period - Stopped by Ebbe Siönäs with a rebound.
18:11 of 2nd period - Slapshot by Jake Marchment.
18:11 of 2nd period - Shot Misses the Net.
18:13 of 2nd period - Wrist shot by Jake Marchment.
18:13 of 2nd period - Stopped by Ebbe Siönäs without a rebound.
18:14 of 2nd period - Jake Marchment wins face-off versus Cedric Paquette in Wolves zone.
18:15 of 2nd period - Slapshot by Alexander Barabanov.
18:15 of 2nd period - Stopped by Ebbe Siönäs with a rebound.
18:25 of 2nd period - Snap shot by Thomas Spelling.
18:25 of 2nd period - Stopped by Ivan Fedotov with a rebound.
18:27 of 2nd period - Slapshot by Kyle Capobianco.
18:27 of 2nd period - Shot Misses the Net.
18:29 of 2nd period - Slapshot by Eric Robinson.
18:29 of 2nd period - Stopped by Ivan Fedotov with a rebound.
18:41 of 2nd period - David Pope is hit by Frederick Gaudreau and loses puck.
18:55 of 2nd period - Icing by Frederick Gaudreau.
18:56 of 2nd period - Nolan Patrick wins face-off versus Frederick Gaudreau in Wolves zone.
19:17 of 2nd period - Nolan Patrick is hit by Hayden Hodgson.
19:55 of 2nd period - Snap shot by Cedric Paquette.
19:55 of 2nd period - Deflect By Steven Santini.
19:55 of 2nd period - Stopped by Ivan Fedotov with a rebound.
19:57 of 2nd period - Slapshot by Thomas Spelling.
19:57 of 2nd period - Goal by Thomas Spelling - Wolves : 2 - Wolfpack : 1.
19:58 of 2nd period - Casey Mittelstadt wins face-off versus Cedric Paquette in neutral zone.
19:58 of 2nd period - Minor Penalty to Sebastian Collberg for Roughing.
19:59 of 2nd period - Casey Mittelstadt wins face-off versus Alexandre Grenier in Wolfpack zone.
Goals for this period are 1 for Wolves vs 1 for Wolfpack.
Shots for this period are 11 for Wolves vs 14 for Wolfpack.

3rd period


0:01 of 3rd period - Frederick Gaudreau wins face-off versus Casey Mittelstadt in neutral zone.
1:17 of 3rd period - Steven Santini is hit by Eric Robinson and loses puck.
1:58 of 3rd period - Penalty to Sebastian Collberg is over, Sebastian Collberg is back on ice.
2:12 of 3rd period - Snap shot by Antti Suomela.
2:12 of 3rd period - Stopped by Ivan Fedotov with a rebound.
2:18 of 3rd period - Fredrik Olofsson is hit by Dryden Hunt and loses puck.
2:56 of 3rd period - Jake Evans is hit by Casey Mittelstadt and loses puck.
3:20 of 3rd period - Eric Robinson is hit by Connor Chatam and loses puck.
3:37 of 3rd period - Corey Shueneman is hit by Linus Sandin and loses puck.
4:11 of 3rd period - Snap shot by Nolan Patrick.
4:11 of 3rd period - Stopped by Ebbe Siönäs without a rebound.
4:12 of 3rd period - Cedric Paquette wins face-off versus Nolan Patrick in Wolves zone.
4:12 of 3rd period - Corey Shueneman is hit by Joshua Jacobs and loses puck.
4:38 of 3rd period - Off-side.
4:39 of 3rd period - Casey Mittelstadt wins face-off versus Frederick Gaudreau in neutral zone.
5:13 of 3rd period - Snap shot by Sebastian Collberg.
5:13 of 3rd period - Stopped by Ebbe Siönäs with a rebound.
5:17 of 3rd period - Slapshot by Jonas Brodin.
5:17 of 3rd period - Deflect By Jalen Chatfield.
5:17 of 3rd period - Stopped by Ebbe Siönäs without a rebound.
5:18 of 3rd period - Cedric Paquette wins face-off versus Nolan Patrick in Wolves zone.
5:47 of 3rd period - Icing by Alex Barre-Boulet.
5:48 of 3rd period - Antti Suomela wins face-off versus Alex Barre-Boulet in Wolfpack zone.
5:54 of 3rd period - Off-side.
5:55 of 3rd period - Sebastian Collberg wins face-off versus Frederick Gaudreau in neutral zone.
6:04 of 3rd period - Snap shot by Sebastian Collberg.
6:04 of 3rd period - Deflect By Casey Mittelstadt.
6:04 of 3rd period - Shot Hit the Post.
6:04 of 3rd period - Puck is out of play.
6:05 of 3rd period - Casey Mittelstadt wins face-off versus Frederick Gaudreau in Wolves zone.
6:08 of 3rd period - Wrist shot by Sebastian Collberg.
6:08 of 3rd period - Stopped by Ebbe Siönäs without a rebound.
6:09 of 3rd period - Frederick Gaudreau wins face-off versus Casey Mittelstadt in Wolves zone.
6:14 of 3rd period - Slapshot by Jalen Chatfield.
6:14 of 3rd period - Goal by Jalen Chatfield - Wolves : 3 - Wolfpack : 1.
6:15 of 3rd period - Frederick Gaudreau wins face-off versus Casey Mittelstadt in neutral zone.
6:55 of 3rd period - Snap shot by Samuel Blais.
6:55 of 3rd period - Shot Blocked by Anton Lindholm.
7:49 of 3rd period - Snap shot by Joshua Jacobs.
7:49 of 3rd period - Stopped by Ebbe Siönäs without a rebound.
7:50 of 3rd period - Casey Mittelstadt wins face-off versus Frederick Gaudreau in Wolves zone.
8:26 of 3rd period - Off-side.
8:27 of 3rd period - Casey Mittelstadt wins face-off versus Frederick Gaudreau in neutral zone.
9:14 of 3rd period - Wrist shot by Wade Allison.
9:14 of 3rd period - Shot Blocked by Joshua Jacobs.
9:20 of 3rd period - Snap shot by Antti Suomela.
9:20 of 3rd period - Stopped by Ivan Fedotov without a rebound.
9:21 of 3rd period - Casey Mittelstadt wins face-off versus Frederick Gaudreau in Wolfpack zone.
9:51 of 3rd period - Off-side.
9:52 of 3rd period - Cedric Paquette wins face-off versus Dryden Hunt in neutral zone.
10:14 of 3rd period - Icing by Jakub Zboril.
10:15 of 3rd period - Nolan Patrick wins face-off versus Thomas Spelling in Wolves zone.
10:30 of 3rd period - Slapshot by Jonas Brodin.
10:30 of 3rd period - Stopped by Ebbe Siönäs with a rebound.
10:40 of 3rd period - Eric Robinson is hit by Connor Chatam and loses puck.
10:47 of 3rd period - Slapshot by Steven Santini.
10:47 of 3rd period - Stopped by Ebbe Siönäs without a rebound.
10:48 of 3rd period - Casey Mittelstadt wins face-off versus Frederick Gaudreau in Wolves zone.
10:49 of 3rd period - Slapshot by David Pope.
10:49 of 3rd period - Stopped by Ebbe Siönäs with a rebound.
11:18 of 3rd period - Slapshot by Connor Chatam.
11:18 of 3rd period - Stopped by Ebbe Siönäs with a rebound.
11:24 of 3rd period - Colton White is hit by Dylan Coghlan and loses puck.
11:52 of 3rd period - Backhand shot by Dryden Hunt.
11:52 of 3rd period - Stopped by Ebbe Siönäs with a rebound.
11:54 of 3rd period - Snap shot by Connor Chatam.
11:54 of 3rd period - Deflect By Dryden Hunt.
11:54 of 3rd period - Shot Misses the Net.
11:54 of 3rd period - Puck is out of play.
11:55 of 3rd period - Cedric Paquette wins face-off versus Casey Mittelstadt in Wolves zone.
11:55 of 3rd period - Cedric Paquette is hit by Sebastian Collberg.
12:05 of 3rd period - Slapshot by Thomas Spelling.
12:05 of 3rd period - Stopped by Ivan Fedotov with a rebound.
12:07 of 3rd period - Snap shot by Thomas Spelling.
12:07 of 3rd period - Shot Blocked by Sebastian Collberg.
12:09 of 3rd period - Wrist shot by Eric Robinson.
12:09 of 3rd period - Shot Hit the Post.
12:23 of 3rd period - Steven Santini is hit by Fredrik Olofsson and loses puck.
12:40 of 3rd period - Owen Tippet is hit by Fredrik Olofsson and loses puck.
12:56 of 3rd period - Icing by Alexander Barabanov.
12:57 of 3rd period - Jake Marchment wins face-off versus Cedric Paquette in Wolfpack zone.
13:04 of 3rd period - Slapshot by Steven Santini.
13:04 of 3rd period - Stopped by Ebbe Siönäs without a rebound.
13:05 of 3rd period - David Pope wins face-off versus Cedric Paquette in Wolves zone.
14:09 of 3rd period - Snap shot by Frederick Gaudreau.
14:09 of 3rd period - Stopped by Ivan Fedotov without a rebound.
14:10 of 3rd period - Cedric Paquette wins face-off versus Casey Mittelstadt in Wolfpack zone.
14:13 of 3rd period - Wrist shot by Cedric Paquette.
14:13 of 3rd period - Shot Blocked by Steven Santini.
14:32 of 3rd period - Icing by Anton Lindholm.
14:33 of 3rd period - Antti Suomela wins face-off versus Alex Barre-Boulet in Wolves zone.
15:44 of 3rd period - Snap shot by Jake Evans.
15:44 of 3rd period - Stopped by Ivan Fedotov without a rebound.
15:45 of 3rd period - Jake Marchment wins face-off versus Jake Evans in Wolfpack zone.
16:31 of 3rd period - Frederick Gaudreau is hit by Samuel Blais and loses puck.
16:58 of 3rd period - Snap shot by Alex Barre-Boulet.
16:58 of 3rd period - Deflect By Dryden Hunt.
16:58 of 3rd period - Stopped by Ebbe Siönäs with a rebound.
17:22 of 3rd period - Snap shot by Casey Mittelstadt.
17:22 of 3rd period - Shot Misses the Net.
17:24 of 3rd period - Snap shot by Casey Mittelstadt.
17:24 of 3rd period - Shot Misses the Net.
17:42 of 3rd period - Jonas Brodin is hit by Samuel Girard and loses puck.
18:52 of 3rd period - Snap shot by Alexandre Grenier.
18:52 of 3rd period - Stopped by Ivan Fedotov with a rebound.
19:48 of 3rd period - Connor Chatam is hit by Parker Kelly.
Goals for this period are 1 for Wolves vs 0 for Wolfpack.
Shots for this period are 7 for Wolves vs 12 for Wolfpack.